 Dungeon Crawl Stone Soup version 0.25-a0-589-g1e14c549ee (webtiles) character file.

Game seed: 14387720427486333690, levelgen mode: deterministic

3 Mobile the Magician (level 1, -3/13 HPs)
             Began as an Octopode Wizard on Mar 12, 2020.
             Slain by a kobold
             ... wielding a +0 short sword
              (4 damage)
             ... on level 1 of the Dungeon.
             The game lasted 00:00:31 (502 turns).

Mobile the Magician (Octopode Wizard)                Turns: 502, Time: 00:00:31

Health: -3/13      AC:  1    Str:  6    XL:     1   Next: 50%
Magic:  4/4        EV: 13    Int: 20    God:
Gold:   7          SH:  0    Dex: 10    Spells: 5/6 levels left

rFire    . . .     SeeInvis .   (no weapon)
rCold    . . .     Gourm    .   (no shield)
rNeg     . . .     Faith    .   a - +0 hat
rPois    .         Spirit   .   (no amulet)
rElec    .         Reflect  .   (no ring)
rCorr    .         Harm     .   (no ring)
MR       .....                  (no ring)
Stlth    +++.......             (no ring)
HPRegen  0.04/turn              (no ring)
MPRegen  0.09/turn              (no ring)
                                (no ring)
                                (no ring)

@: no status effects
A: almost no armour, stealthy swim, amphibious, 8 rings, constrict 8, camouflage
1, gelatinous body 1
a: no special abilities


You were on level 1 of the Dungeon.
You were not hungry.

You visited 1 branch of the dungeon, and saw 1 of its levels.

You collected 7 gold pieces.

Inventory:

Armour
 a - a +0 hat (worn)
Potions
 b - a potion of brilliance {unknown}
Comestibles
 c - 2 rations


   Skills:
 * Level 1.0 Fighting
 - Level 2.0 Dodging
 - Level 2.6 Stealth
 - Level 3.0 Spellcasting
 - Level 1.0 Conjurations
   Level 1.0 Summonings
   Level 1.0 Translocations


You had 5 spell levels left.
You knew the following spells:

 Your Spells              Type           Power        Failure   Level  Hunger
a - Magic Dart            Conj           #...         10%         1    None

Your spell library contained the following spells:

 Spells                   Type           Power        Failure   Level  Hunger
 Blink                    Tloc           N/A          14%         2    ##.....
 Call Imp                 Summ           #.......     14%         2    ##.....
 Slow                     Hex            #.......     22%         2    ##.....
 Conjure Flame            Conj/Fire      #.......     34%         3    ###....
 Mephitic Cloud           Conj/Pois/Air  #.......     36%         3    ###....


Dungeon Overview and Level Annotations

Branches:
Dungeon (1/15)

Altars:


Innate Abilities, Weirdness & Mutations

You cannot wear most types of armour.
You are very stealthy in the water. (Stealth+)
You are amphibious.
You can wear up to eight rings at the same time.
You can use your tentacles to constrict eight enemies at once.
Your skin changes colour to match your surroundings (Stealth+).
Your rubbery body absorbs attacks. (AC +1, EV +1)


Message History

You closely miss the kobold. You grab the kobold.
You constrict the kobold, but do no damage.
The kobold hits you with a +0 short sword.
You are too injured to fight recklessly!
You release your grip on the kobold.
There is an open door here.
You see here a cursed -3 short sword.
The kobold barely misses you.
You see here a cursed -3 short sword.
You tentacle-slap the kobold but do no damage.
Your grab misses the kobold.
The kobold hits you with a +0 short sword.
* * * LOW HITPOINT WARNING * * *
You closely miss the kobold. Your grab misses the kobold.
The kobold hits you but does no damage.
You tentacle-slap the kobold but do no damage.
Your grab misses the kobold. The kobold hits you but does no damage.
You closely miss the kobold. Your grab misses the kobold.
The kobold hits you with a +0 short sword.
You die...

.## ######..#
#####.....#.#####
#...............#
#####.###.....#.###.####
....#.###..............#
........................
#.###.#.......##.##.##.
#.# #.#.......##@#
#.###.#.......##K##+##.#
#.....#.........l......#
.######.....#..........#
......##....#......)...#
#####.##....#####...##.#
...#..##....# ##... ..
..#.........# #..## ##
..#...##....# #...


You could see a kobold and a frilled lizard.

Vanquished Creatures
  A leopard gecko (D:1)
  A kobold (D:1)
2 creatures vanquished.

Notes
Turn   | Place    | Note
-------+----------+-------------------------------------------
     0 | D:1      | Mobile the Octopode Wizard began the quest for the Orb.
     0 | D:1      | Reached XP level 1. HP: 11/11 MP: 4/4
   255 | D:1      | Reached skill level 1 in Fighting
   502 | D:1      | Slain by a kobold

Levels and vault maps discovered:
D:1:      scummos_arrival_star, layout_basic, lexackson_kobold_supper

Skill      XL: |  1 |
---------------+----+-----
Fighting       | 1 |  1.0
Dodging        | |  2.0
Stealth        | |  2.6
Spellcasting   | |  3.0
Conjurations   | |  1.0
Summonings     | |  1.0
Translocations | |  1.0

Action                   || total
-------------------------++-------
Melee: Unarmed           ||    18
       Constrict         ||     3
       Tentacles         ||     1
Armor: Skin              ||     1
Dodge: Dodged            ||     9

Table legend:
 A = Non-vault XP
 B = Vault XP
 C = Vault XP percentage of total XP
 D = Non-vault monster count
 E = Vault monster count
 F = Vault count percentage of total count
                 A         B        C        D         E       F
            +---------+---------+-------+---------+---------+-------
      Total |       5 |       0 |   0.0 |       2 |       0 |   0.0
            +---------+---------+-------+---------+---------+-------
        D:1 |       5 |       0 |   0.0 |       2 |       0 |   0.0
            +---------+---------+-------+---------+---------+-------
